 Dungeon Crawl Stone Soup version 0.19.0-22-gd96e5fe (webtiles) character file.

1817 Haldmier the Carver (level 8, 0/50 HPs)
             Began as a High Elf Skald on Nov 19, 2016.
             Slain by a sky beast (6 damage)
             ... on level 6 of the Dungeon.
             The game lasted 00:38:39 (7215 turns).

Haldmier the Carver (High Elf Skald)                Turns: 7215, Time: 00:38:41

Health: 0/50       AC:  5    Str: 11    XL:     8   Next: 85%
Magic:  13/13      EV: 10    Int: 16    God:
Gold:   527        SH:  0    Dex: 17    Spells: 4 memorised, 3 levels left

rFire  . . .     SeeInvis .     w - +2 short sword (vamp)
rCold  . . .     Gourm    .     s - +0 leather armour
rNeg   + . .     Faith    .     (no shield)
rPois  .         Spirit   .     d - +0 helmet
rElec  .         Reflect  .     (no cloak)
rCorr  .         Harm     .     p - +0 pair of gloves
MR     .....                    (no boots)
Stlth  ++........               q - amulet of magic regeneration
                                (no ring)
                                I - ring of positive energy

@: about to teleport, heavily drained
A: no striking features
a: no special abilities


You were on level 6 of the Dungeon.
You were not hungry.

You visited 2 branches of the dungeon, and saw 7 of its levels.
You also visited: Ossuary.

You collected 527 gold pieces.

Inventory:

Hand Weapons
 a - a +0 falchion
 j - a +1 short sword of holy wrath
 k - a +0 antimagic dagger
 v - a +0 hunting sling
 w - a +2 vampiric short sword (weapon)
 H - a +1 short sword of draining
 J - a +2 dagger of speed
 P - a +0 shortbow
Missiles
 l - 188 stones
 t - 9 tomahawks (quivered)
Armour
 d - a +0 helmet (worn)
 h - a +0 ring mail
 p - a +0 pair of gloves (worn)
 s - a +0 leather armour (worn)
Jewellery
 q - an amulet of magic regeneration (around neck)
 I - a ring of positive energy (left hand)
Wands
 F - a wand of teleportation (5/9)
 N - a wand of lightning (9/15)
Scrolls
 b - a scroll of enchant armour {unknown}
 e - 3 scrolls of identify
 f - 2 scrolls of random uselessness {unknown}
 g - 6 scrolls of remove curse
 i - 2 scrolls of amnesia {unknown}
 m - a scroll of magic mapping {unknown}
 o - 4 scrolls of noise {unknown}
 r - 4 scrolls of teleportation
 y - 2 scrolls of brand weapon {unknown}
 D - 2 scrolls of fear {unknown}
Potions
 n - a potion of brilliance
 u - 2 potions of curing
 B - a potion of lignification
 C - 2 potions of magic
 E - a potion of might
 G - 2 potions of heal wounds
Books
 c - a book of Battle

   Spells                             Type                      Level
   a - Infusion                       Charms                       1
   b - Shroud of Golubria             Charms/Translocation         2
   c - Song of Slaying                Charms                       2
   d - Spectral Weapon                Hexes/Charms                 3
   e - Regeneration                   Charms/Necromancy            3
Comestibles
 x - 3 meat rations
 z - 2 bread rations
 A - 5 fruits
 K - 3 chunks of flesh


   Skills:
 - Level 2.0(0.4) Fighting
 * Level 9.2(7.3) Long Blades
 - Level 0.8(0.0) Armour
 - Level 1.1(0.0) Dodging
 + Level 3.4(1.8) Stealth
 + Level 2.8(1.1) Spellcasting
 - Level 4.0(2.3) Hexes
 + Level 6.4(4.6) Charms
 - Level 3.0(1.4) Necromancy
 - Level 3.1(1.5) Translocations


You had 3 spell levels left.
You knew the following spells:

 Your Spells              Type           Power        Failure   Level  Hunger
a - Infusion              Chrm           ###.         6%          1    ##.....
b - Shroud of Golubria    Chrm/Tloc      ##........   14%         2    ###....
c - Spectral Weapon       Hex/Chrm       ##......     24%         3    ####...
d - Regeneration          Chrm/Necr      ##........   30%         3    ####...


Dungeon Overview and Level Annotations

Branches:
Dungeon (6/15)             Temple (1/1) D:4

Altars:
Dithmenos
Gozag
Hepliaklqana
Makhleb
Nemelex Xobeh
Okawaru
Qazlal
Ru
Trog
Uskayaw
Xom
The Shining One


Message History

You open the door.
There is an open door here.
Something hits you.
* * * LOW HITPOINT WARNING * * *
Something shocks you.
* * * LOW HITPOINT WARNING * * *
A shadow imp comes into view.
The shadow imp moves out of view.
A shadow imp comes into view.
The shadow imp shouts, "Take thy face hence, thou odious beef-witted nobody!"
The shadow imp gestures at you. Pain shoots through your body!
* * * LOW HITPOINT WARNING * * *
As you read the scroll of teleportation, it crumbles to dust.
You feel strangely unstable. The shadow imp gestures at you.
You struggle to resist.
Something hits you.
* * * LOW HITPOINT WARNING * * *
Something shocks you.
You die...

.. .# # ..# ##.###. #.#
.......# #.# ##...##.#
##.# ##.....#.# ##..#
##........#
#####...####.........###
........{o.'............
.......@####.........##
..5.....# ##.......##
.....5..# ##.....##
........# ###...##
........# #.....#
........# #{##..# ##.
........#####o##=(# ...
..................# ###
........#####.#...##


You could see 2 shadow imps and an orc.

Vanquished Creatures
  Eustachio (D:5)
  2 phantoms (D:4)
  An ogre (D:3)
  A centaur (D:6)
  Blork the orc (D:4)
  3 elf zombies (Ossuary)
  A scorpion (D:5)
  2 crimson imps
  2 bullfrog zombies
  A centaur zombie (D:5)
  3 hounds
  A bullfrog skeleton (D:5)
  3 human zombies (Ossuary)
  An orc priest (D:4)
  A centaur skeleton (D:5)
  2 iguanas (D:5)
  3 orc wizards
  3 worker ants
  A big kobold zombie (Ossuary)
  4 mummies (Ossuary)
  11 adders
  6 gnolls
  2 shadow imps
  An ooze (D:1)
  6 worms
  A dart slug (D:1)
  4 leopard geckos
  10 orcs
  5 giant cockroaches
  A gnoll zombie (Ossuary)
  10 goblins
  15 hobgoblins
  7 jackals
  8 kobolds
  4 quokkas
  2 ball pythons (D:1)
  8 bats
  5 frilled lizards
  A hobgoblin zombie (Ossuary)
  A jackal skeleton (D:4)
  2 orc zombies (Ossuary)
  6 rats
  A rat zombie (Ossuary)
154 creatures vanquished.

Vanquished Creatures (others)
  3 spectral weapons
3 creatures vanquished.

Grand Total: 157 creatures vanquished

Notes
Turn   | Place    | Note
-------+----------+-------------------------------------------
     0 | D:1      | Haldmier the High Elf Skald began the quest for the Orb.
     0 | D:1      | Reached XP level 1. HP: 14/14 MP: 4/4
    82 | D:1      | Reached skill level 3 in Long Blades
   267 | D:1      | Reached XP level 2. HP: 18/19 MP: 1/6
   271 | D:1      | Learned a level 2 spell: Shroud of Golubria
   777 | D:2      | Reached skill level 1 in Translocations
   895 | D:2      | Reached XP level 3. HP: 24/24 MP: 0/7
   970 | D:1      | Reached skill level 4 in Long Blades
  1347 | D:1      | Learned a level 3 spell: Spectral Weapon
  2318 | D:2      | Reached XP level 4. HP: 29/29 MP: 5/8
  2639 | D:2      | Found a shimmering altar of Xom.
  2801 | D:3      | Noticed an ogre
  2807 | D:3      | Reached skill level 1 in Hexes
  2832 | D:3      | Found a shadowy altar of Dithmenos.
  3123 | D:3      | Killed an ogre
  3123 | D:3      | Reached skill level 5 in Long Blades
  3123 | D:3      | Reached XP level 5. HP: 22/34 MP: 5/9
  3396 | D:3      | Reached XP level 6. HP: 22/39 MP: 5/10
  3426 | D:3      | Learned a level 3 spell: Regeneration
  3851 | D:4      | Found a staircase to the Ecumenical Temple.
  3864 | Temple   | Entered the Ecumenical Temple
  4058 | D:4      | Found a sand-covered staircase.
  4062 | Ossuary  | Entered an ossuary
  4263 | Ossuary  | Reached skill level 6 in Long Blades
  4358 | Ossuary  | Reached skill level 1 in Necromancy
  4358 | Ossuary  | Reached XP level 7. HP: 28/45 MP: 11/11
  4796 | D:4      | Noticed Blork the orc
  4810 | D:4      | Killed Blork the orc
  4810 | D:4      | Reached skill level 7 in Long Blades
  4810 | D:4      | Reached skill level 5 in Charms
  5078 | D:4      | Reached XP level 8. HP: 43/50 MP: 12/12
  5539 | D:4      | Reached skill level 1 in Stealth
  5804 | D:5      | Entered Level 5 of the Dungeon
  5932 | D:5      | Reached skill level 8 in Long Blades
  6159 | D:5      | Noticed Eustachio
  6208 | D:5      | Killed Eustachio
  6305 | D:5      | Found a burning altar of Makhleb.
  6784 | D:5      | Reached skill level 9 in Long Blades
  7121 | D:6      | Found Nurghir's Weapon Boutique.
  7215 | D:6      | Slain by a sky beast

Skill      XL: |  1  2  3  4  5  6  7  8 |
---------------+-------------------------+-----
Long Blades    | 3 4 5 6 7 9 |  9.2
Translocations | 1 2 3 |  3.1
Hexes          | 2 3 4 |  4.0
Charms         | 4 5 6 |  6.4
Necromancy     | 1 2 3 |  3.0
Stealth        | 3 |  3.4
Fighting       | |  2.0
Armour         | |  0.8
Dodging        | |  1.1
Spellcasting   | |  2.8

Action                   |  1- 3 |  4- 6 |  7- 9 || total
-------------------------+-------+-------+-------++-------
Melee: Falchion          |   108 |       |       ||   108
       Short sword       |     7 |   233 |   323 ||   563
Throw: Tomahawk          |       |    10 |     5 ||    15
       Stone             |       |       |     3 ||     3
 Cast: Infusion          |    11 |    10 |     2 ||    23
       Shroud of Golubri |     2 |    14 |    28 ||    44
       Spectral Weapon   |       |     8 |    25 ||    33
       Regeneration      |       |     6 |    18 ||    24
  Use: Scroll            |       |     3 |     7 ||    10
       Potion            |       |     2 |       ||     2
 Stab: Sleeping          |     2 |       |     3 ||     5
       Distracted        |       |       |     2 ||     2
  Eat: Chunk             |     5 |     8 |    11 ||    24
       Bread ration      |       |     1 |     1 ||     2
       Royal jelly       |       |     1 |       ||     1
       Fruit             |       |       |     2 ||     2
Armor: Leather armour    |    41 |    53 |    60 ||   154
Dodge: Dodged            |    71 |   117 |   129 ||   317
       Rpst.: Falchion   |    22 |       |       ||    22
